 Dungeon Crawl Stone Soup version 0.16-a0-4111-gf762223 (webtiles) character file.

104 Speissi the Charmwright (level 4, -7/37 HPs)
             Began as a Draconian Skald on Feb 26, 2015.
             Killed by nerve-wracking pain
             ... invoked by an orc priest
              (11 damage)
             ... on level 3 of the Dungeon.
             The game lasted 00:07:50 (2341 turns).

Speissi the Charmwright (Draconian Skald)           Turns: 2341, Time: 00:07:50

Health: -7/37      AC:  5    Str: 16    XL:     4   Next: 52%
Magic:  0/8        EV: 11    Int: 12    God:
Gold:   69         SH:  3    Dex: 10    Spells: 2 memorised, 5 levels left

rFire  . . .     SeeInvis .     a - +0 spear
rCold  . . .     Clarity  .     (armour unavailable)
rNeg   . . .     SustAb   .     l - +0 buckler
rPois  .         Gourm    .     (helmet restricted)
rElec  .         Spirit   .     (no cloak)
rCorr  .         Warding  .     (no gloves)
rMut   .         Stasis   .     (no boots)
MR     .....                    (no amulet)
Stlth  +.........               (no ring)
                                (no ring)

@: shrouded (expiring), infused, not resistant to hostile enchantments, very
unstealthy
A: unfitting armour, cold-blooded, AC +5
a: no special abilities


You were on level 3 of the Dungeon.
You were hungry.

You visited 1 branch of the dungeon, and saw 3 of its levels.

You collected 69 gold pieces.

Inventory:

Hand weapons
 a - a +0 spear (weapon)
 s - a +2 short sword of protection
Armour
 l - a +0 buckler (worn)
Scrolls
 b - 2 scrolls of remove curse {unknown}
 i - a scroll of fog {unknown}
 j - a scroll of identify {unknown}
 k - 2 scrolls of random uselessness {unknown}
 o - 3 scrolls of teleportation {unknown}
 p - a scroll of enchant armour {unknown}
 q - a scroll of enchant weapon {unknown}
Potions
 e - 2 potions of haste {unknown}
 f - a potion of brilliance {unknown}
 g - 2 potions of mutation {unknown}
 h - a potion of might {unknown}
 n - a potion of degeneration {unknown}
Books
 c - a book of Battle

   Spells                             Type                      Level
   a - Infusion                       Charms                       1
   b - Shroud of Golubria             Charms/Translocation         2
   c - Song of Slaying                Charms                       2
   d - Spectral Weapon                Hexes/Charms                 3
   e - Regeneration                   Charms/Necromancy            3
Comestibles
 d - 3 bread rations
 m - a slice of pizza
 r - a meat ration
 t - a chunk of flesh


   Skills:
 + Level 2.7 Fighting
 + Level 2.6 Polearms
 + Level 2.4 Dodging
 + Level 0.4 Stealth
 + Level 2.5 Spellcasting
 + Level 3.2 Charms


You had 5 spell levels left.
You knew the following spells:

 Your Spells              Type           Power        Failure   Level  Hunger
a - Infusion              Chrm           #.....       14%         1    #......
b - Shroud of Golubria    Chrm/Tloc      #.........   38%         2    ###....


Dungeon Overview and Level Annotations

Branches:
Dungeon (3/15)

Altars:


Innate Abilities, Weirdness & Mutations

Your plain brown scales are hard (AC +5).
Your body does not fit into most forms of armour.
Your cold-blooded metabolism reacts poorly to cold.


Message History

You hit the orc priest.
The orc priest is moderately wounded.
The orc priest barely misses you. The orc barely misses you.
You hit the orc priest but do no damage.
The orc priest is moderately wounded.
Your shroud begins to fray at the edges.
The orc priest mumbles some strange prayers to Beogh against you.
Something smites you!
* * * LOW HITPOINT WARNING * * *
You block the orc's attack.
You hit the orc priest but do no damage.
The orc priest is moderately wounded.
The orc priest prays to Beogh.
You feel a wave of unholy energy pass over you.
You block the orc's attack.
You hit the orc priest.
The orc priest is severely wounded.
The orc priest invokes the aid of Beogh against you.
Pain shoots through your body!
You die... ).......####.# oo.

.######## ..## ..s .#
####..## ..# .# ........#
#..### .# ........# .....#.
.##### .........# ###.......#
.....# ....)....# ##.......#
.###.# .........###........#
..##.##.........@os........#
...............##o...#......#
.###†##.............##......#
.. #.#########..............
#.##...##............#.....
......>......#####...#....
<.####........# #.#... .
..............# ..##..
.######.#...... .##


You could see an orc priest, an orc and a giant cockroach.

Vanquished Creatures
  6 adders
  A worm (D:1)
  3 giant geckos (D:3)
  9 bats
  A giant cockroach (D:1)
  3 hobgoblins (D:1)
  6 kobolds
  A quokka (D:2)
  5 giant newts
  9 goblins
  5 rats
49 creatures vanquished.

Notes
Turn   | Place    | Note
--------------------------------------------------------------
     0 | D:1      | Speissi, the Draconian Skald, began the quest for the Orb.
     0 | D:1      | Reached XP level 1. HP: 17/17 MP: 3/3
   268 | D:1      | Reached XP level 2. HP: 24/24 MP: 1/4
   466 | D:1      | Reached skill level 3 in Charms
  1317 | D:2      | Reached XP level 3. HP: 15/30 MP: 0/6
  2068 | D:3      | Reached XP level 4. HP: 34/37 MP: 4/8
  2106 | D:3      | Learned a level 2 spell: Shroud of Golubria
  2341 | D:3      | Killed from afar by an orc priest

Action                   |  1- 3 |  4- 6 || total
-------------------------+-------+-------++-------
Melee: Spear             |   140 |    64 ||   204
 Cast: Infusion          |    13 |     5 ||    18
       Shroud of Golubri |       |     4 ||     4
  Eat: Chunk             |     3 |     2 ||     5
